 Dungeon Crawl Stone Soup version 0.19-a0-128-gdb3d0b4 (webtiles) character file.

95 Ihatecarrots00 the Cudgeler (level 4, -7/41 HPs)
             Began as a Minotaur Berserker on May 16, 2016.
             Was a Believer of Trog.
             Mangled by AlphabetPasta's ghost (11 damage)
             ... on level 3 of the Dungeon.
             The game lasted 00:09:00 (2352 turns).

Ihatecarrots00 the Cudgeler (Minotaur Berserker)    Turns: 2352, Time: 00:09:00

Health: -7/41      AC: 11    Str: 22    XL:     4   Next: 40%
Magic:  3/3        EV:  7    Int:  4    God:    Trog [**....]
Gold:   119        SH:  0    Dex: 10    Spells: 0 memorised, 3 levels left

rFire  + . .     SeeInvis .     a - +0 mace
rCold  . . .     Gourm    .     f - +0 plate armour {rF+}
rNeg   . . .     Faith    .     (no shield)
rPois  .         Spirit   .     (helmet restricted)
rElec  .         Dismiss  .     (no cloak)
rCorr  .         Reflect  .     (no gloves)
SustAt .         Harm     .     (no boots)
MR     .....                    (no amulet)
Stlth  ..........               (no ring)
                                (no ring)

@: not resistant to hostile enchantments, extremely unstealthy
A: retaliatory headbutt, horns 2
a: Berserk, Trog's Hand, Burn Spellbooks, Renounce Religion


You were on level 3 of the Dungeon.
You worshipped Trog.
Trog was pleased with you.
You were not hungry.

You visited 1 branch of the dungeon, and saw 3 of its levels.

You collected 119 gold pieces.

Inventory:

Hand Weapons
 a - a +0 mace (weapon)
Armour
 b - a +0 animal skin
 f - a +0 plate armour of fire resistance (worn)
 p - a +0 chain mail
Jewellery
 d - a cursed ring of loudness {unknown}
 o - an uncursed ring of stealth {unknown}
Scrolls
 g - a scroll of enchant armour {unknown}
 j - a scroll of fear {unknown}
 k - a scroll of teleportation {unknown}
 l - a scroll of identify {unknown}
 m - a scroll of amnesia {unknown}
 n - a scroll of fog {unknown}
Potions
 e - a potion of magic {unknown}
 i - a potion of curing {unknown}
Comestibles
 c - 4 bread rations
 h - a meat ration


   Skills:
 + Level 4.7 Fighting
 + Level 4.7 Maces & Flails
 + Level 3.1 Armour
 + Level 2.8 Dodging


You had 3 spell levels left.
You didn't know any spells.

Dungeon Overview and Level Annotations

Branches:
Dungeon (3/15)

Altars:
Cheibriados
Sif Muna
Trog
Xom
Yredelemnul
Zin

Annotations:
D:3 AlphabetPasta's ghost, amateur OpBe


Innate Abilities, Weirdness & Mutations

You reflexively headbutt those who attack you in melee.
You have a pair of horns on your head.


Message History

Your headbutt misses AlphabetPasta's ghost.
AlphabetPasta's ghost is lightly damaged.
AlphabetPasta's ghost hits you.
You closely miss AlphabetPasta's ghost. AlphabetPasta's ghost hits you!
You hit AlphabetPasta's ghost.
AlphabetPasta's ghost is lightly damaged.
AlphabetPasta's ghost hits you but does no damage.
You hit AlphabetPasta's ghost.
AlphabetPasta's ghost is lightly damaged.
AlphabetPasta's ghost hits you!
* * * LOW HITPOINT WARNING * * *
AlphabetPasta's ghost hits you.
* * * LOW HITPOINT WARNING * * *
You closely miss AlphabetPasta's ghost. You headbutt AlphabetPasta's ghost!
AlphabetPasta's ghost is moderately damaged.
AlphabetPasta's ghost hits you but does no damage.
You completely miss AlphabetPasta's ghost.
AlphabetPasta's ghost is moderately damaged.
AlphabetPasta's ghost hits you!
You die...

##..###.....#.#
##...#.#
#..........#.#
#....<(#
.######.#.#
.........#
#.#.#
###........
#.#.#
##...#####
#.#.# ##.#
#.#.# #.
#.#W#####....
#..@.........
######.##... #


You could see AlphabetPasta's ghost.

Vanquished Creatures
  Terence (D:2)
  An adder (D:2)
  A dart slug (D:1)
  3 giant geckos
  5 giant cockroaches
  7 goblins
  8 hobgoblins
  2 jackals (D:2)
  A quokka (D:2)
  4 bats
  3 giant newts (D:2)
  10 kobolds
  6 rats
52 creatures vanquished.

Notes
Turn   | Place    | Note
--------------------------------------------------------------
     0 | D:1      | Ihatecarrots00 the Minotaur Berserker began the quest for the Orb.
     0 | D:1      | Reached XP level 1. HP: 19/19 MP: 0/0
   242 | D:1      | Reached XP level 2. HP: 22/27 MP: 1/1
   956 | D:1      | Reached ** piety under Trog
   956 | D:1      | Reached XP level 3. HP: 29/33 MP: 2/2
  1275 | D:2      | Noticed Terence
  1285 | D:2      | Killed Terence
  1285 | D:2      | Reached XP level 4. HP: 38/41 MP: 3/3
  1351 | D:2      | Found a glowing silver altar of Zin.
  1353 | D:2      | Found a bloodstained altar of Trog.
  1387 | D:2      | Found a deep blue altar of Sif Muna.
  1389 | D:2      | Found a snail-covered altar of Cheibriados.
  1713 | D:2      | Found a shimmering altar of Xom.
  1713 | D:2      | Found a basalt altar of Yredelemnul.
  2340 | D:3      | Noticed AlphabetPasta's ghost (amateur OpBe)
  2352 | D:3      | Mangled by AlphabetPasta's ghost

Vault maps used:
D:1:      dpeg_arrival_boxorama, minmay_misc_feat_columns
D:2:      gammafunk_temple_overflow_elements, nicolae_overflow_hidden_temple,
          minivault_25, uniq_terence
D:3:      first_bread, kennysheep_generic_room_16

Skill      XL: |  1  2  3 |
---------------+----------+-----
Fighting       | 4 |  4.7
Maces & Flails | 4 |  4.7
Armour         | 3 |  3.1
Dodging        | |  2.8

Action                   |  1- 3 |  4- 6 || total
-------------------------+-------+-------++-------
Melee: Mace              |    61 |    28 ||    89
       Headbutt          |    13 |     3 ||    16
  Eat: Meat ration       |     1 |       ||     1
Armor: Animal skin       |     1 |       ||     1
       Plate armour      |    53 |    36 ||    89
Dodge: Dodged            |    39 |    23 ||    62
